 Dungeon Crawl Stone Soup version 0.29.0-4-gdea44cf6ec (webtiles) character file.

Game seed: 5048221231439653594

36 qw the Chopper (level 3, -6/21 HPs)
             Began as a Tengu Warper on Aug 28, 2022.
             Mangled by a gnoll
             ... wielding a +0 halberd
              (11 damage)
             ... on level 2 of the Dungeon.
             The game lasted 00:00:07 (1514 turns).

qw the Chopper (Tengu Warper)                       Turns: 1514, Time: 00:00:08

Health: -6/21      AC:  4    Str: 17    XL:     3   Next: 37%
Magic:  7/7        EV: 11    Int: 19    God:
Gold:   34         SH:  0    Dex:  8    Spells: 6/6 levels left

rFire   . . .      SeeInvis .   Y - +1 hand axe
rCold   + + +      Faith    .   (no shield)
rNeg    . . .      Spirit   .   b - +0 leather armour
rPois   +          Reflect  .   (helmet restricted)
rElec   .          Harm     .   h - +0 cloak
rCorr   .          Rampage  .   (no gloves)
Will    .....                   (boots unavailable)
Stlth   +.........              (no amulet)
HPRegen 0.07/turn               c - ring "Ydwuo" {rPois rC+++ Str+4 Int+6 Dex-5}
MPRegen 0.10/turn               (no ring)

@: no status effects
A: beak, talons 3
a: no special abilities


You were on level 2 of the Dungeon.
You visited 1 branch of the dungeon, and saw 2 of its levels.

You collected 70 gold pieces.
You spent 36 gold pieces at shops.


Innate Abilities, Weirdness & Mutations

You have a beak for a mouth.
You have claws for feet.


   Skills:
 - Level 2.0 Fighting
 + Level 4.1 Axes
 - Level 1.0 Throwing
 - Level 1.1 Armour
 - Level 2.1 Dodging
 - Level 2.0 Spellcasting
 - Level 2.4 Translocations


You had 6 spell levels left.
You didn't know any spells.
Your spell library contained the following spells:

 Spells                   Type           Power      Damage    Failure   Level
 Blink                    Tloc           22%        N/A       12%         2
 Gell's Gravitas          Tloc           11%        N/A       22%         3
 Lesser Beckoning         Tloc           11%        N/A       22%         3
 Teleport Other           Tloc           11%        N/A       22%         3
 Manifold Assault         Tloc           11%        N/A       91%         5

Inventory:

Hand Weapons
 f - a +0 mace
 Y - a +1 hand axe (weapon)
Armour
 b - a +0 leather armour (worn)
 h - a +0 cloak (worn)
Jewellery
 c - the ring "Ydwuo" (left hand) {rPois rC+++ Str+4 Int+6 Dex-5}
   (You found it on level 2 of the Dungeon)

   [ring of intelligence]

   Str:       It affects your strength (+4).
   Int:       It affects your intelligence (+6).
   Dex:       It affects your dexterity (-5).
   rC:        It renders you almost immune to cold.
   rPois:     It protects you from poison.
 n - an amulet of guardian spirit
Scrolls
 g - a scroll of identify
 i - a scroll of magic mapping {unknown}
 j - a scroll of acquirement {unknown}
 k - a scroll of fear {unknown}
Potions
 a - 2 potions of curing {unknown}
 d - a potion of brilliance {unknown}
 e - a potion of haste {unknown}
 l - a potion of lignification {unknown}
 m - a potion of berserk rage {unknown}

Dungeon Overview and Level Annotations

Branches:
Dungeon (2/15)

Altars:

Shops:
D:1 *


Message History

A goblin comes into view. It is wielding a +0 club.
The goblin shouts!
A gnoll comes into view. It is wielding a +0 halberd.
1501 ||| Stepping ~*~*~tactically~*~*~ (stealth).
You see here 9 gold pieces.
1503 ||| Stepping ~*~*~tactically~*~*~ (stealth).
The gnoll shouts!
You hear a shout! x3
You see here 9 gold pieces.
You barely miss the goblin. The goblin closely misses you.
You barely miss the goblin. The goblin misses you.
You barely miss the goblin.
A gnoll comes into view. It is wielding a +0 flail.
The goblin closely misses you.
You closely miss the goblin. The goblin misses you.
You hit the goblin.
The goblin is severely wounded.
A gnoll comes into view. It is wielding a +0 whip.
The goblin hits you but does no damage. The goblin hits you with a +0 club.
A gnoll comes into view. It is wielding a +0 club.
The gnoll shouts!
You slash the goblin!
You kill the goblin!
You hit the gnoll but do no damage. The gnoll hits you but does no damage.
The gnoll barely misses you.
You hit the gnoll. You claw the gnoll.
The gnoll is heavily wounded.
The gnoll closely misses you. The gnoll hits you with a +0 whip.
You closely miss the gnoll. You claw the gnoll.
The gnoll is almost dead.
The gnoll hits you from afar with a +0 halberd!
Ouch! That really hurt!
You slash the gnoll!
You kill the gnoll!
You hit the gnoll.
The gnoll hits you from afar with a +0 halberd!
Ouch! That really hurt!
You die...

########
#########.......
#..................
g....##...#.......
........#......... #
....#.. .#....... #.
.g..#.# ##.......
#..###g###.###........
#....@).........##<###
#..###.###.###.###.# #
.... #.# #.###.###.# #
#####.###.###.##...##.#
# #........)........# #
#$##########...#### #
##.## # #.# ## #.# .


You could see 2 gnolls.

Vanquished Creatures
  A gnoll (D:2)
  An adder (D:2)
  A dart slug (D:2)
  4 ball pythons
  An endoplasm (D:1)
  3 hobgoblins
  3 jackals (D:2)
  A kobold (D:1)
  A quokka (D:1)
  2 frilled lizards
  4 goblins
  4 rats
26 creatures vanquished.

Notes
Turn   | Place    | Note
-------+----------+-------------------------------------------
     0 | D:1      | qw the Tengu Warper began the quest for the Orb.
     0 | D:1      | Reached XP level 1. HP: 12/12 MP: 4/4
     0 | D:1      | 0 ||| qw: Version: 0.1-a-89-g26bdef1
     0 | D:1      | 0 ||| qw: Game counter: 755
     0 | D:1      | 0 ||| qw: Always use a shield: true
     0 | D:1      | 0 ||| qw: God list: Okawaru
     0 | D:1      | 0 ||| qw: Allow faded altars: false
     0 | D:1      | 0 ||| qw: Do Orc after D:15 true
     0 | D:1      | 0 ||| qw: Do second Lair branch before Depths: true
     0 | D:1      | 0 ||| qw: Lair rune preference: random
     0 | D:1      | 0 ||| qw: Plans: Normal
     0 | D:1      | 0 ||| PLANNING D:1-11
    67 | D:1      | 67 ||| READING scroll labelled OMESHR ULULAHA.
    69 | D:1      | 69 ||| Stepping ~*~*~tactically~*~*~ (stealth).
   211 | D:1      | Found a faded altar of an unknown god.
   219 | D:1      | 219 ||| Stepping ~*~*~tactically~*~*~ (stealth).
   221 | D:1      | Reached skill level 3 in Axes
   221 | D:1      | Reached XP level 2. HP: 16/17 MP: 6/6
   441 | D:1      | Found Sies's Assorted Antiques.
   459 | D:1      | 459 ||| SHOPLISTING 2 scrolls labelled ARYNTI SAQUZ (38
                  | gold, have 37).
   459 | D:1      | 459 ||| BUYING puce potion (17 gold).
   459 | D:1      | Bought a puce potion for 17 gold pieces
   459 | D:1      | 459 ||| BUYING scroll labelled KINEREBAZA (19 gold).
   459 | D:1      | Bought a scroll labelled KINEREBAZA for 19 gold pieces
   459 | D:1      | 459 ||| SHOPLISTING scroll labelled KUEREY WECUGH (19 gold,
                  | have 1).
   459 | D:1      | 459 ||| SHOPLISTING scroll labelled RAG JA XIPUU (19 gold,
                  | have 1).
   459 | D:1      | 459 ||| SHOPLISTING shiny plate armour (494 gold, have 1).
   662 | D:1      | 662 ||| UPGRADING to +0 cloak.
   667 | D:1      | 667 ||| READING scroll labelled KINEREBAZA.
   668 | D:1      | 668 ||| READING 2 scrolls labelled PYTUIJ GEUTZ.
   669 | D:1      | 669 ||| DROPPING scroll of blinking.
   789 | D:2      | Identified the ring "Ydwuo" {rPois rC+++ Str+4 Int+6 Dex-5}
   834 | D:2      | HP: 4/17 [poisoned by an adder]
   835 | D:2      | Reached XP level 3. HP: 5/21 MP: 7/7
   838 | D:2      | 838 ||| FLEEEEING.
   915 | D:2      | 915 ||| FLEEEEING.
   918 | D:2      | 918 ||| FLEEEEING.
   919 | D:2      | 919 ||| FLEEEEING.
   925 | D:2      | 925 ||| STAIRDANCE
  1109 | D:1      | 1109 ||| UPGRADING to ring "Ydwuo" {rPois rC+++ Str+4 Int+6
                  | Dex-5}.
  1118 | D:2      | 1118 ||| Stepping ~*~*~tactically~*~*~ (stealth).
  1232 | D:2      | 1232 ||| Stepping ~*~*~tactically~*~*~ (stealth).
  1235 | D:2      | 1235 ||| Stepping ~*~*~tactically~*~*~ (stealth).
  1342 | D:2      | Reached skill level 4 in Axes
  1501 | D:2      | 1501 ||| Stepping ~*~*~tactically~*~*~ (stealth).
  1503 | D:2      | 1503 ||| Stepping ~*~*~tactically~*~*~ (stealth).
  1513 | D:2      | HP: 5/21 [gnoll/+0 halberd (12)]
  1514 | D:2      | Mangled by a gnoll

Levels and vault maps discovered:
D:1:      erik_arrival_cave_to_civilisation [erik_arrival_cave_to_hall],
          layout_rooms, shapermc_ecumenical_altar_starsandcircs, serial_shops,
          nicolae_diamond_shop
D:2:      cheibrodos_pilgrimage, layout_loops_ring, hangedman_decor_growths,
          nicolae_titane

Skill      XL: |  1  2  3 |
---------------+----------+-----
Axes           | 3 4 |  4.1
Fighting       | |  2.0
Throwing       | |  1.0
Armour         | |  1.1
Dodging        | |  2.1
Spellcasting   | |  2.0
Translocations | |  2.4

Action                   || total
-------------------------++-------
Melee: Hand axe          ||    53
       Kick              ||    10
       Peck              ||     3
       Punch             ||     1
Throw: Boomerang         ||     7
  Use: Scroll            ||     3
Armor: Leather armour    ||     8
Dodge: Dodged            ||    24

Table legend:
 A = Non-vault XP
 B = Vault XP
 C = Vault XP percentage of total XP
 D = Non-vault monster count
 E = Vault monster count
 F = Vault count percentage of total count
                 A         B        C        D         E       F
            +---------+---------+-------+---------+---------+-------
      Total |      63 |       3 |   4.5 |      24 |       2 |   7.7
            +---------+---------+-------+---------+---------+-------
        D:1 |      17 |       3 |  15.0 |      11 |       2 |  15.4
        D:2 |      46 |       0 |   0.0 |      13 |       0 |   0.0
            +---------+---------+-------+---------+---------+-------
